 Dungeon Crawl Stone Soup version 0.16-a0-296-gbdb9f68 (webtiles) character file.

940 Ololoev the Stinger (level 8, -12/62 HPs)
             Began as a Naga Wizard on Aug 29, 2014.
             Was a Follower of Okawaru.
             Mangled by Menkaure (21 damage)
             ... on Level 6 of the Dungeon.
             The game lasted 00:32:25 (6932 turns).

Ololoev the Stinger (Naga Wizard)                   Turns: 6932, Time: 00:32:25

HP -12/62        AC  9     Str 10      XL: 8   Next: 12%
MP  10/16        EV  9     Int 18      God: Okawaru [*.....]
Gold 161         SH  0     Dex  9      Spells:  4 memorised,  5 levels left

rFire  + . .     SeeInvis +     s - +3 short sword (venom)
rCold  . . .     Clarity  .     i - +3 leather armour {rF+}
rNeg   . . .     rCorr    .     (no shield)
rPois  +         rRot     .     b - +1 hat
rElec  .         Spirit   .     (no cloak)
SustAb .         Warding  .     v - +0 pair of gloves
rMut   .         Stasis   .     (no barding)
Gourm  .                        (no amulet)
MR     +....                    (no ring)
                                r - cursed -3 ring of dexterity

@: very slow, somewhat resistant to hostile enchantments, unstealthy
A: spit poison, see invisible, deformed body, poison resistance, slowness 2, AC
+2
a: Spit Poison, Heroism, Renounce Religion


You were on level 6 of the Dungeon.
You worshipped Okawaru.
Okawaru was aware of your devotion.
You were near starving.

You visited 2 branches of the dungeon, and saw 7 of its levels.
You also visited: Sewer.

You collected 211 gold pieces.
You spent 50 gold pieces at shops.

Inventory:

Hand weapons
 s - a +3 short sword of venom (weapon)
Armour
 b - a +1 hat (worn)
 i - a +3 leather armour of fire resistance (worn)
 v - a +0 pair of gloves (worn)
Magical devices
 t - a wand of enslavement (7)
 y - a wand of frost (4)
Comestibles
 d - 2 bread rations
 m - 3 meat rations
Scrolls
 a - a scroll of brand weapon {unknown}
 j - a scroll of fog
 k - 2 scrolls of teleportation
 l - 2 scrolls of enchant armour
 n - a scroll of fear
 q - a scroll of blinking
Jewellery
 r - a cursed -3 ring of dexterity (left hand)
Potions
 e - 7 potions of curing
 f - 4 potions of heal wounds
 g - 3 potions of brilliance {unknown}
 h - a potion of haste {unknown}
 o - a potion of magic {unknown}
 p - a potion of cure mutation {unknown}
 u - a potion of restore abilities {unknown}
 w - 2 potions of might {unknown}
 z - a potion of flight {unknown}
 B - a potion of resistance {unknown}
 C - a potion of lignification {unknown}
Books
 c - a book of Minor Magic

   Spells                             Type                      Level
   *Magic Dart                        Conjuration                  1
   Blink                              Translocation                2
   *Call Imp                          Summoning                    2
   *Repel Missiles                    Charms/Air                   2
   Slow                               Hexes                        2
   Conjure Flame                      Conjuration/Fire             3
   *Mephitic Cloud                    Conjuration/Poison/Air       3


   Skills:
 - Level 1.5 Dodging
 - Level 3.0 Stealth
 - Level 3.0 Spellcasting
 + Level 5.4 Conjurations
 - Level 1.4 Summonings
   Level 1.0 Translocations
 + Level 5.2 Air Magic
 + Level 5.8 Poison Magic


You had 5 spell levels left.
You knew the following spells:

 Your Spells              Type           Power        Failure   Level  Hunger
a - Magic Dart            Conj           ###.         1%          1    None
b - Repel Missiles        Chrm/Air       ##....       12%         2    ##.....
c - Call Imp              Summ           #.......     14%         2    ##.....
d - Mephitic Cloud        Conj/Pois/Air  ###.....     6%          3    ###....


Dungeon Overview and Level Annotations

Branches:
Dungeon (6/15)             Temple (1/1) D:4

Altars:
Ashenzari
Cheibriados
Elyvilon
Gozag
Makhleb
Nemelex Xobeh
Okawaru
Qazlal
Sif Muna
Trog
Vehumet
Yredelemnul
Zin

Shops:
D:5 [

Annotations:
D:6 Menkaure


Innate Abilities, Weirdness & Mutations

You cannot wear boots.
You can spit poison.
Your serpentine skin is tough (AC +2).
You have supernaturally acute eyesight.
Armour fits poorly on your strangely shaped body.
Your system is resistant to poisons.
You cover ground very slowly.


Message History

A beastly little devil appears in a puff of flame.
Your crimson imp blinks!
Menkaure calls on the powers of darkness!
Your body is wracked with pain!
Your crimson imp hits Menkaure but does no damage.
Your crimson imp barely misses Menkaure. x2
What do you say? t - Shout!
Orders for allies: a - Attack new target. r - Retreat! s - Stop attacking. w - Wait here. f - Follow me.
Anything else - Stay silent.
Gang up on whom?
Press: ? - help, Dir - move target cursor, f - Menkaure
Aim: Menkaure (fast) Attack!
Menkaure hits you!!
* * * LOW HITPOINT WARNING * * *
Your crimson imp barely misses Menkaure.
Your crimson imp hits Menkaure.
Menkaure hits you!!
You die...

*,* ********#.**,* *,*
#.##,*## *,* #...,..#
*,**#****####..#*#.#
*,,,..,,,,..#..###.##
****,..***#.##.##...#
**,**#.*##.##......###
*,**
*#.#5)..........####
*,*
#...M@............#
*,**
*#.#5.###........#.#
**,**#.*#..#
#.#........#
**,..**#..#
#.#....###.# ** *#?**
#.5#*#[##...# *,*
,*******#,*
#...,.#.....###.#
,,,,,,,**,*
#..#*#.###......#
,*****,*#.# #..# #,*
#.####.# ,* *,*#.#
#..#*#.###.####.#


You could see Menkaure and 3 friendly crimson imps.

Vanquished Creatures
  An orc warrior (D:6)
  An ogre (D:6)
  Sigmund (D:3)
  2 scorpions
  A goliath beetle (D:6)
  A gnoll shaman (D:4)
  A crimson imp (D:5)
  An orc priest (D:3)
  A centaur skeleton (D:6)
  A hound (D:5)
  Ijyb (D:2)
  6 gnolls (D:4)
  A green rat (D:5)
  13 adders
  A shadow imp (D:5)
  3 giant mites
  5 worms
  An orc skeleton (D:4)
  2 adder skeletons
  7 giant geckos
  11 orcs
  6 ball pythons
  5 bats
  12 hobgoblins
  6 quokkas
  4 giant cockroaches
  A giant gecko skeleton (D:4)
  9 giant newts
  6 goblins
  2 hobgoblin skeletons (D:6)
  A hobgoblin zombie (D:5)
  13 jackals
  16 kobolds
  8 rats
  2 plants (Sewer)
153 creatures vanquished.

Vanquished Creatures (collateral kills)
  A phantom (D:6)
1 creature vanquished.

Vanquished Creatures (others)
  A white imp (D:6)
1 creature vanquished.

Grand Total: 155 creatures vanquished

Notes
Turn   | Place    | Note
--------------------------------------------------------------
     0 | D:1      | Ololoev, the Naga Wizard, began the quest for the Orb.
     0 | D:1      | Reached XP level 1. HP: 15/15 MP: 4/4
   284 | D:1      | Reached XP level 2. HP: 22/22 MP: 6/6
   288 | D:1      | Learned a level 2 spell: Repel Missiles
   291 | D:1      | Learned a level 2 spell: Call Imp
   786 | D:2      | Reached skill level 1 in Air Magic
   825 | D:2      | Reached XP level 3. HP: 28/28 MP: 2/7
   830 | D:2      | Learned a level 3 spell: Mephitic Cloud
   977 | D:2      | Found a radiant altar of Vehumet.
  1419 | D:2      | Reached skill level 1 in Poison Magic
  1419 | D:2      | Reached XP level 4. HP: 23/36 MP: 1/9
  1873 | D:2      | Noticed Ijyb
  1904 | D:2      | Killed Ijyb
  2422 | D:3      | Noticed Sigmund
  2460 | D:3      | Killed Sigmund
  2460 | D:3      | Reached XP level 5. HP: 30/42 MP: 0/11
  3344 | D:3      | Reached XP level 6. HP: 49/49 MP: 12/12
  4253 | D:4      | Reached skill level 4 in Conjurations
  4576 | D:4      | Found a staircase to the Ecumenical Temple.
  4587 | Temple   | Entered the Ecumenical Temple
  4644 | Temple   | Became a worshipper of Warmaster Okawaru
  4939 | D:5      | Entered Level 5 of the Dungeon
  4973 | D:5      | Reached XP level 7. HP: 32/55 MP: 2/14
  5126 | D:5      | Found Utziuth's Antique Armour Emporium.
  5134 | D:5      | Bought a runed leather armour for 50 gold pieces
  5248 | D:5      | Found a glowing drain.
  5266 | Sewer    | Entered a sewer
  6608 | D:6      | Reached skill level 5 in Poison Magic
  6724 | D:6      | Reached skill level 5 in Conjurations
  6731 | D:6      | Reached skill level 5 in Air Magic
  6835 | D:6      | Acquired Okawaru's first power
  6835 | D:6      | Reached XP level 8. HP: 36/62 MP: 9/16
  6926 | D:6      | Noticed Menkaure
  6932 | D:6      | Mangled by Menkaure

Action                   |  1- 3 |  4- 6 |  7- 9 || total
-------------------------+-------+-------+-------++-------
Melee: Unarmed           |    12 |    30 |       ||    42
       Short sword       |       |   115 |   149 ||   264
       Scythe            |       |    13 |       ||    13
 Cast: Magic Dart        |    44 |    58 |    56 ||   158
       Mephitic Cloud    |       |    15 |     7 ||    22
       Repel Missiles    |       |     1 |       ||     1
       Call Imp          |       |       |    19 ||    19
 Abil: Spit Poison       |    21 |    45 |    19 ||    85
Evoke: Wand              |       |       |     9 ||     9
  Use: Scroll            |     4 |     6 |     4 ||    14
 Stab: Confused          |       |     4 |     1 ||     5
       Distracted        |       |       |     2 ||     2
  Eat: Chunk             |     2 |    14 |     5 ||    21
       Royal jelly       |       |     1 |       ||     1
       Pizza             |       |       |     1 ||     1
       Beef jerky        |       |       |     1 ||     1
